 Dungeon Crawl Stone Soup version 0.18-a0-1293-g5a2c81a (webtiles) character file.

56 Tomstefer the Chiller (level 3, -8/24 HPs)
             Began as a Merfolk Ice Elementalist on Feb 10, 2016.
             Mangled by a worm (11 damage)
             ... on level 2 of the Dungeon.
             The game lasted 00:07:03 (2288 turns).

Tomstefer the Chiller (Merfolk Ice Elementalist)    Turns: 2288, Time: 00:07:03

Health: -8/24      AC:  2    Str:  8    XL:     3   Next: 97%
Magic:  0/7        EV: 13    Int: 15    God:
Gold:   105        SH:  0    Dex: 14    Spells: 3 memorised, 2 levels left

rFire  . . .     SeeInvis .     d - +0 club
rCold  . . .     Gourm    .     a - +0 robe
rNeg   . . .     Faith    .     (no shield)
rPois  .         Spirit   .     (no helmet)
rElec  .         Dismiss  .     (no cloak)
rCorr  .         Reflect  .     (no gloves)
SustAt .         Harm     .     (no boots)
MR     .....                    (no amulet)
Stlth  ++........               (no ring)
                                (no ring)

@: not resistant to hostile enchantments, unstealthy
A: change form in water, swift swim
a: no special abilities


You were on level 2 of the Dungeon.
You were not hungry.

You visited 1 branch of the dungeon, and saw 2 of its levels.

You collected 105 gold pieces.

Inventory:

Hand Weapons
 d - a +0 club (weapon)
Armour
 a - a +0 robe (worn)
Scrolls
 e - 2 scrolls of random uselessness {unknown}
 g - 3 scrolls of remove curse {unknown}
 i - a scroll of fog {unknown}
 m - a scroll of enchant weapon {unknown}
Potions
 f - a potion of might {unknown}
 h - a potion of cure mutation {unknown}
 j - 2 potions of brilliance {unknown}
 k - a potion of haste {unknown}
 n - 2 potions of heal wounds {unknown}
Books
 b - a book of Frost

   Spells                             Type                      Level
   a - Freeze                         Ice                          1
   b - Throw Frost                    Conjuration/Ice              2
   c - Ozocubu's Armour               Charms/Ice                   3
   d - Throw Icicle                   Conjuration/Ice              4
   e - Summon Ice Beast               Ice/Summoning                4
Comestibles
 c - 2 bread rations
 l - 3 chunks of flesh
 o - a meat ration
 p - a slice of pizza


   Skills:
 + Level 2.9 Dodging
 - Level 2.1 Stealth
 * Level 3.1 Spellcasting
 - Level 0.7 Conjurations
 + Level 0.7 Charms
 - Level 4.0 Ice Magic


You had 2 spell levels left.
You knew the following spells:

 Your Spells              Type           Power        Failure   Level  Hunger
a - Freeze                Ice            ##..         4%          1    #......
b - Throw Frost           Conj/Ice       #.....       12%         2    ##.....
c - Ozocubu's Armour      Chrm/Ice       #.......     24%         3    ###....


Dungeon Overview and Level Annotations

Branches:
Dungeon (2/15)

Altars:
Elyvilon

Annotations:
D:2 Sigmund


Message History

Your magical contamination has completely faded away.
Casting: Freeze
Confirm with . or Enter, or press ? or * to list all spells.
Aiming: Freeze
Press: ? - help, Shift-Dir - straight line, f/p - worm
Aim: a worm (moderately wounded)
You freeze the worm.
The worm is heavily wounded.
Casting: Freeze
Confirm with . or Enter, or press ? or * to list all spells.
You don't have enough magic to cast that spell.
Casting: Freeze
Confirm with . or Enter, or press ? or * to list all spells.
Aiming: Freeze
Press: ? - help, Shift-Dir - straight line, f/p - worm
Aim: a worm (moderately wounded)
You freeze the worm.
The worm is heavily wounded.
The worm bites you!
You die...

......###.###.#....#####.........
......#...# #.##..##...#..##.....
....[...### #.##..##...#..##..<..
........### #.##..##...#.........
..........# #.##..##...#..###....
......###.###.##.###...#..###....
.....## .....##....>..#...##....
......# ##....w.##.....#..#.#.#
......# #..).@.##...#.##.....#
......# ###...###.#.....<..###
......# #....................
........ .........##....###.....#
.......##.........##..#.# ##...##
..........##..##..#...... ...##
.........###............## #..#
..........##..#........## #...#
.......##.##......#.##########...


You could see a worm.

Vanquished Creatures
  An adder (D:2)
  An ooze (D:1)
  2 worms (D:2)
  A giant gecko (D:1)
  3 bats
  2 giant cockroaches (D:1)
  4 goblins
  6 hobgoblins
  A ball python (D:2)
  3 giant newts (D:2)
  7 kobolds
  6 rats
37 creatures vanquished.

Notes
Turn   | Place    | Note
--------------------------------------------------------------
     0 | D:1      | Tomstefer the Merfolk Ice Elementalist began the quest for the Orb.
     0 | D:1      | Reached XP level 1. HP: 13/13 MP: 3/3
   305 | D:1      | Reached XP level 2. HP: 19/19 MP: 3/5
   951 | D:1      | Reached XP level 3. HP: 7/24 MP: 1/7
  1382 | D:2      | Noticed Sigmund
  1441 | D:2      | Learned a level 2 spell: Throw Frost
  1445 | D:2      | Learned a level 3 spell: Ozocubu's Armour
  1502 | D:2      | Reached skill level 4 in Ice Magic
  1854 | D:2      | Found a white marble altar of Elyvilon.
  2288 | D:2      | Mangled by a worm

Vault maps used:
D:1:      tarquinn_simple_flora_water_b, minmay_misc_feat_more_columns
D:2:      elyvilon_altar_5, uniq_sigmund

Action                   || total
-------------------------++-------
Melee: Unarmed           ||     4
       Club              ||    22
 Cast: Freeze            ||    65
       Throw Frost       ||     1
  Eat: Chunk             ||     5
